 Dungeon Crawl Stone Soup version 0.31-a0-986-g5e6e4ef867 (webtiles) character file.

Game seed: 6056802498720937989

165 Lobster4 the Firebug (level 5, 0/41 HPs)
             Began as a Hill Orc Fire Elementalist on Nov 22, 2023.
             Slain by a ball python (1 damage)
             ... on level 4 of the Dungeon.
             The game lasted 00:05:53 (3794 turns).

Lobster4 the Firebug (Hill Orc Fire Elementalist)   Turns: 3794, Time: 00:05:53

Health: 0/41       AC:  3    Str: 11    XL:     5   Next: 46%
Magic:  2/8        EV:  9    Int: 17    God:
Gold:   235        SH:  0    Dex: 11    Spells: 5/8 levels left

rFire   . . .        k - +0 dagger (venom)
rCold   . . .        (no shield)
rNeg    . . .        a - +0 robe
rPois   .            (no helmet)
rElec   .            (no cloak)
rCorr   .            (no gloves)
SInv    .            o - +0 pair of boots
Will    .....        (no amulet)
Stlth   ++           (no ring)
HPRegen 0.26/turn    (no ring)
MPRegen 0.11/turn

%: no passive effects
@: about to teleport, constricted, invisible
A: no striking features
a: no special abilities


You were on level 4 of the Dungeon.
You visited 1 branch of the dungeon, and saw 4 of its levels.

You collected 235 gold pieces.

Inventory:

Hand Weapons
 c - a +0 dagger
 g - a +0 club
 k - a +0 dagger of venom (weapon)
Missiles
 d - 6 boomerangs (quivered)
 j - 21 stones
 r - 3 poisoned darts
Armour
 a - a +0 robe (worn)
 o - a +0 pair of boots (worn)
Scrolls
 e - a scroll of immolation {unknown}
 h - 2 scrolls of teleportation
 l - a scroll of amnesia {unknown}
 n - a scroll of enchant weapon {unknown}
 q - a scroll of silence {unknown}
 t - a scroll of revelation {unknown}
Potions
 b - a potion of magic
 f - 2 potions of might
 i - a potion of cancellation {unknown}
 m - a potion of berserk rage
 p - a potion of lignification {unknown}


   Skills:
 + Level 2.2 Fighting
 + Level 2.0 Armour
 - Level 2.0 Dodging
 - Level 1.5 Stealth
 - Level 2.0 Spellcasting
 + Level 2.0 Conjurations
 * Level 4.5 Fire Magic


You had 5 spell levels left.
You knew the following spells:

 Your Spells              Type           Power      Damage    Failure   Level
a - Foxfire               Conj/Fire      52%        2x1d6     4%          1
b - Scorch                Fire           34%        2d6       4%          2

Your spell library contained the following spells:

 Spells                   Type           Power      Damage    Failure   Level
 Inner Flame              Hex/Fire       9%         N/A       22%         3
 Volatile Blastmotes      Fire/Tloc      18%        2d11      22%         3
 Cigotuvi's Dreadful Rot  Necr/Pois/Air  2%         N/A       28%         2
 Ignite Poison            Fire/Tmut/Pois 6%         N/A       30%         3
 Flame Wave               Conj/Fire      13%        2d6       45%         4
 Tukima's Dance           Hex            1%         N/A       50%         3
 Iskenderun's Mystic Bla  Conj/Tloc      5%         2d3       77%         4
 Dimensional Bullseye     Hex/Tloc       0%         N/A       88%         4
 Freezing Cloud           Conj/Ice/Air   2%         6-21      99%         5


Dungeon Overview and Level Annotations

Branches:
Dungeon (4/15)
 Temple: D:4-7

Altars:
Gozag
Trog
Uskayaw
Yredelemnul

Annotations:
D:2 Jessica, Natasha, Terence
D:4 Menkaure


Message History

The foxfire hits the orc but does no damage.
The orc is heavily wounded.
Casting: Foxfire (safe; 4% risk of failure)
Confirm with . or Enter, or press ? or * to list all spells.
You conjure some foxfire!
The foxfire hits the orc but does no damage.
The orc is heavily wounded.
Unknown command.
Casting: Foxfire (safe; 4% risk of failure)
Confirm with . or Enter, or press ? or * to list all spells.
You conjure some foxfire!
The foxfire hits the orc but does no damage.
The orc is heavily wounded.
An ogre comes into view. It is wielding a +0 giant spiked club.
Unknown command.
Casting: Foxfire (safe; 4% risk of failure)
Confirm with . or Enter, or press ? or * to list all spells.
You conjure some foxfire!
The foxfire hits the orc but does no damage.
The orc is heavily wounded.
The foxfire hits the orc.
You kill the orc!
The ball python closely misses you. x2
Unknown command.
As you read the scroll labelled NIONIA YCIMU, it crumbles to dust.
You feel strangely unstable.
It was a scroll of teleportation.
The foxfire hits the ogre.
The ogre is lightly wounded.
The foxfire hits the ogre.
The ogre is lightly wounded.
The ball python misses you. The ball python grabs you.
The ball python constricts you.
The ogre hits you with a +0 giant spiked club!!
The ball python bites you. The ball python constricts you.
It was a potion of invisibility.
You fade into invisibility!
The ogre hits you with a +0 giant spiked club!!
* * * LOW HITPOINT WARNING * * *
The ball python bites you.
You die...

#.#.#
#.....####
#.#'##
#........#
#....#
#.#'#....#
###....#
#.#.######
#......#
#.#.......
#......#
#.#######.
#......# #.#
## . #.S....#
#.#
....###.)@O..#
#.#
(...'.....#'##
#.#
....#######.#
#.# .. .. ..


You could see an ogre (unable to see you) and a ball python (unable to see you).

Vanquished Creatures
  2 hounds
  3 adders (D:3)
  2 ufetubi (D:3)
  A dart slug (D:2)
  2 orcs (D:4)
  4 ball pythons
  4 bats
  5 endoplasms
  4 giant cockroaches
  12 goblins
  3 hobgoblins
  4 jackals (D:1)
  4 kobolds
  A quokka (D:3)
  6 frilled lizards
  4 rats
61 creatures vanquished.

Vanquished Creatures (others)
  166 foxfires
166 creatures vanquished.

Grand Total: 227 creatures vanquished

Notes
Turn   | Place    | Note
-------+----------+-------------------------------------------
     0 | D:1      | Lobster4 the Hill Orc Fire Elementalist began the quest for
                  | the Orb.
     0 | D:1      | Reached XP level 1. HP: 14/14 MP: 3/3
   178 | D:1      | Reached XP level 2. HP: 22/22 MP: 1/4
   217 | D:1      | Learned a level 2 spell: Scorch
   816 | D:1      | Reached skill level 1 in Fighting
  1159 | D:2      | Noticed Natasha
  1218 | D:2      | Reached XP level 3. HP: 28/28 MP: 1/5
  1517 | D:2      | You fall into a shaft and drop 1 floor!
  1530 | D:3      | Reached skill level 1 in Armour
  1994 | D:2      | Noticed Terence
  2154 | D:2      | Noticed Jessica
  2425 | D:3      | Reached XP level 4. HP: 35/35 MP: 3/6
  2485 | D:3      | Found a hide-covered altar of Uskayaw.
  2486 | D:3      | Found a bloodstained altar of Trog.
  2487 | D:3      | Found a basalt altar of Yredelemnul.
  2487 | D:3      | Found an opulent altar of Gozag.
  2580 | D:3      | Reached skill level 4 in Fire Magic
  3227 | D:3      | Reached XP level 5. HP: 38/41 MP: 1/8
  3483 | D:4      | Noticed Menkaure
  3791 | D:4      | Noticed an ogre
  3794 | D:4      | HP: 1/41 [ogre/+0 giant spiked club (19)]
  3794 | D:4      | Slain by a ball python

Illustrated notes

Levels and vault maps discovered:
D:1:      minmay_arrival_three_doors, layout_basic,
          minmay_misc_feat_more_columns
D:2:      layout_basic, uniq_jessica, uniq_terence, uniq_natasha
D:3:      minmay_chambers_of_twos, layout_basic, mainiacjoe_overflow_alcove_3
D:4:      layout_basic, grunt_dithmenos_smoke_and_mirrors,
          kennysheep_generic_room_3, uniq_menkaure

Skill      XL: |  1  2  3  4  5 |
---------------+----------------+-----
Fighting       | 1 2 |  2.2
Armour         | 1 2 |  2.0
Fire Magic     | 4 |  4.5
Dodging        | 2 |  2.0
Spellcasting   | 2 |  2.0
Conjurations   | 2 |  2.0
Stealth        | |  1.5

Action                     |  1- 3 |  4- 6 || total
---------------------------+-------+-------++-------
  Melee: Dagger            |    36 |     6 ||    42
  Throw: Boomerang         |     1 |       ||     1
   Cast: Foxfire           |    72 |    37 ||   109
         Scorch            |     2 |     8 ||    10
    Use: Scroll            |     2 |     1 ||     3
         Potion            |       |     1 ||     1
   Stab: Sleeping          |     2 |       ||     2
 Armour: Robe              |    17 |    16 ||    33
  Dodge: Dodged            |    24 |    12 ||    36

Table legend: (Time is in decaauts)
 A = Elapsed time spent in this place.
 B = Non-inter-level travel time spent in this place.
 C = Inter-level travel time spent in this place.
 D = Time resting spent in this place.
 E = Time spent auto-exploring this place.
 F = Levels seen in this place.
 G = Mean time per level.
                   A        B        C        D        E       F      G
               +--------+--------+--------+--------+--------+-----+--------+
         Total |   3791 |   3689 |    102 |    286 |   2999 |   4 |  947.8 |
       Dungeon |   3791 |   3689 |    102 |    286 |   2999 |   4 |  947.8 |
               +--------+--------+--------+--------+--------+-----+--------+

Top non-repeatable levels by time:
     D:3: 1550 daAuts
     D:1: 1153 daAuts
     D:2: 822 daAuts
     D:4: 265 daAuts
